 Dungeon Crawl Stone Soup version 0.24-a0-479-g9a978d2894 (webtiles) character file.

Game seed: 12486583713474450905

224151 Inquire the Necromancer (level 18, -7/147 HPs)
             Began as a Mummy Wanderer on July 6, 2019.
             Was an Initiate of Gozag.
             Shot with an arrow by a centaur warrior (11 damage)
             ... on level 2 of the Vaults.
             The game lasted 01:41:59 (47718 turns).

Inquire the Necromancer (Mummy Wanderer)           Turns: 47718, Time: 01:42:00

Health: -7/147     AC: 32    Str: 30    XL:     18   Next: 58%
Magic:  21/21      EV: 16    Int: 14    God:    Gozag
Gold:   309        SH:  4    Dex: 11    Spells: 5/17 levels left

rFire    . . .     SeeInvis .   d - +12 lajatang of Dawn {pain, *Noise Str+5 Stlth+}
rCold    + . .     Gourm    .   (shield currently unavailable)
rNeg     + + +     Faith    .   c - +7 plate armour {rF+}
rPois    ∞         Spirit   .   a - +2 helmet
rElec    .         Reflect  +   t - +0 cloak
rCorr    .         Harm     .   f - +1 pair of gloves
MR       ++...                  B - +2 pair of boots
Stlth    ..........             s - +4 amulet of reflection
HPRegen  0.34/turn              x - +4 ring of strength
MPRegen  0.17/turn              o - +4 ring of evasion

@: marked, gold aura, very slightly contaminated
A: no food or potions, fire vulnerability, cold resistance 1, negative energy
resistance 3, torment resistance, unbreathing, in touch with death 1
}: 1/15 runes: serpentine
a: Potion Petition, Call Merchant, Bribe Branch, Renounce Religion


You were on level 2 of the Vaults.
You worshipped Gozag.
Gozag was aware of your devotion.
You were not hungry.

You visited 7 branches of the dungeon, and saw 33 of its levels.
You also visited: Ossuary, Gauntlet, Ice Cave and Volcano.

You collected 14428 gold pieces.
You spent 8590 gold pieces at shops.
You paid 5529 gold pieces to Gozag.

Inventory:

Hand Weapons
 b - a +4 broad axe of electrocution
 d - the +12 lajatang of Dawn (weapon) {pain, *Noise Str+5 Stlth+}
   (You bought it in a shop on level 3 of the Lair of Beasts)

   In the hands of one skilled in necromantic magic, it inflicts extra damage on
   living creatures.
   It affects your strength (+5).
   It may make noises in combat.
   It makes you more stealthy.
 p - a +6 great mace of flaming
 A - a +9 eveningstar
Missiles
 l - 4 datura-tipped darts
 I - 479 arrows
 L - 31 poisoned darts (quivered)
Armour
 a - a +2 helmet (worn)
 c - a +7 plate armour of fire resistance (worn)
 f - a +1 pair of gloves (worn)
 j - a +4 ring mail of fire resistance
 t - a +0 cloak (worn)
 w - the +7 plate armour of Foyciph {rC++}
   (You found it on level 15 of the Dungeon)

   It greatly protects you from cold.
 B - a +2 pair of boots (worn)
 E - +1 fire dragon scales
 M - the +3 hat of Pondering {ponderous, MR+ MP+10 Int+5}
   (You bought it in a shop on level 3 of the Lair of Beasts)

   It affects your intelligence (+5).
   It affects your resistance to hostile enchantments.
   It affects your magic capacity (+10).
Magical Staves
 g - an uncursed staff of cold
Jewellery
 h - a +4 ring of protection
 m - an uncursed ring of fire
 o - a +4 ring of evasion (right hand)
 r - an uncursed ring of fire
 s - a +4 amulet of reflection (around neck)
 x - a +4 ring of strength (left hand)
 J - an uncursed ring of resist corrosion
 K - an uncursed ring of see invisible
Wands
 z - a wand of digging (6)
 G - a wand of flame (16)
Scrolls
 e - 8 scrolls of amnesia
 n - 2 scrolls of fog
 q - 15 scrolls of remove curse
 v - 6 scrolls of identify
 F - a scroll of fear
Miscellaneous
 u - a phial of floods (inert)
 D - a lamp of fire (inert)


   Skills:
 * Level 14.7 Fighting
 - Level 13.2(14.8) Maces & Flails
 - Level 11.8(14.1) Staves
 - Level 9.5 Armour
 * Level 8.9 Dodging
 - Level 1.5 Unarmed Combat
 * Level 15.0 Necromancy
 - Level 10.2 Translocations
 - Level 4.3 Evocations


You had 5 spell levels left.
You knew the following spells:

 Your Spells              Type           Power        Failure   Level  Hunger
a - Simulacrum            Ice/Necr       ####......   100%        6    N/A
b - Spectral Weapon       Hex/Chrm       #.......     99%         3    N/A
c - Blink                 Tloc           N/A          4%          2    N/A
d - Apportation           Tloc           ####..       3%          1    N/A

Your spell library contained the following spells:

 Spells                   Type           Power        Failure   Level  Hunger
 Animate Skeleton         Necr           N/A          1%          1    N/A
 Pain                     Necr           ####         1%          1    N/A
 Vampiric Draining        Necr           ######....   1%          3    N/A
 Animate Dead             Necr           N/A          4%          4    N/A
 Gell's Gravitas          Tloc           ####......   10%         3    N/A
 Lesser Beckoning         Tloc           ####......   10%         3    N/A
 Teleport Other           Tloc           ####....     10%         3    N/A
 Shroud of Golubria       Chrm/Tloc      ##....       36%         2    N/A
 Portal Projectile        Hex/Tloc       ##....       61%         3    N/A
 Recall                   Summ/Tloc      N/A          61%         3    N/A
 Corona                   Hex            #......      91%         1    N/A
 Freeze                   Ice            #...         91%         1    N/A
 Infusion                 Chrm           #...         91%         1    N/A
 Magic Dart               Conj           #...         91%         1    N/A
 Shock                    Conj/Air       #...         91%         1    N/A
 Summon Butterflies       Summ           #.......     91%         1    N/A
 Force Lance              Conj/Tloc      ##......     95%         4    N/A
 Call Imp                 Summ           #.......     97%         2    N/A
 Ensorcelled Hibernation  Hex/Ice        #.....       97%         2    N/A
 Slow                     Hex            #.......     97%         2    N/A
 Song of Slaying          Chrm           #.......     97%         2    N/A
 Throw Frost              Conj/Ice       #.....       97%         2    N/A
 Confuse                  Hex            #.......     99%         3    N/A
 Conjure Flame            Conj/Fire      #.......     99%         3    N/A
 Dazzling Spray           Conj/Hex       #.....       99%         3    N/A
 Mephitic Cloud           Conj/Pois/Air  #.......     99%         3    N/A
 Ozocubu's Armour         Chrm/Ice       #.......     99%         3    N/A
 Tukima's Dance           Hex            #.......     99%         3    N/A
 Fulminant Prism          Conj/Hex       #.........   100%        4    N/A
 Summon Ice Beast         Ice/Summ       #.......     100%        4    N/A
 Throw Icicle             Conj/Ice       #.......     100%        4    N/A
 Alistair's Intoxication  Tmut/Pois      #.......     100%        5    N/A
 Fireball                 Conj/Fire      #.........   100%        5    N/A
 Irradiate                Conj/Tmut      #.........   100%        5    N/A
 Metabolic Englaciation   Hex/Ice        #.........   100%        5    N/A
 Dispersal                Tloc           ####......   99%         6    N/A
 Bolt of Cold             Conj/Ice       #.........   100%        6    N/A
 Freezing Cloud           Conj/Ice/Air   #.........   100%        6    N/A
 Invisibility             Hex            #.......     100%        6    N/A
 Ozocubu's Refrigeration  Ice            #.........   100%        6    N/A
 Malign Gateway           Summ/Tloc      ##........   100%        7    N/A
 Monstrous Menagerie      Summ           #.........   100%        7    N/A
 Summon Greater Demon     Summ           #.........   100%        7    N/A
 Controlled Blink         Tloc           N/A          100%        8    N/A
 Disjunction              Tloc           ####......   100%        8    N/A
 Summon Horrible Things   Summ           #.........   100%        8    N/A
 Regeneration             Chrm/Necr      Unusable     N/A         3    N/A
 Ice Form                 Ice/Tmut       Unusable     N/A         4    N/A
 Hydra Form               Tmut           Unusable     N/A         6    N/A
 Statue Form              Tmut/Erth      Unusable     N/A         6    N/A
 Dragon Form              Tmut           Unusable     N/A         7    N/A

Dungeon Overview and Level Annotations

Branches:
Dungeon (15/15)            Temple (0/1) D:4            Lair (6/6) D:8
 Shoals (2/4) Lair:4        Snake (4/4) Lair:2        Slime (0/5) Lair:6
    Orc (2/2) D:9             Elf (2/3) Orc:2        Vaults (2/5) D:14
 Depths (0/5) D:15
  Crypt: Vaults:2-3

Altars:
Gozag
Makhleb
Qazlal
Ru
Trog
Xom
Yredelemnul
The Shining One
Beogh
Jiyva

Shops:
D:6 *   D:8 !??   D:15 =   Orc:2 :(?!*   Elf:2 ?   Lair:3 *   Shoals:1 [
Vaults:2 [

Portals:
Hell: Lair:6

Annotations:
D:3 Purgy
D:6 2 transporters, waddelsworth's ghost, novice MiBe
Lair:2 2 transporters, exclusion: 4 oklob plants, Trueduck's ghost, journeyman NaTm
Lair:4 3 runed translucent doors, Raghazun's ghost, journeyman NaEn
Snake:2 1 runed translucent door


Innate Abilities, Weirdness & Mutations

You do not eat or drink.
Your flesh is vulnerable to fire.
You are immune to poison.
Your flesh is cold resistant. (rC+)
You are immune to negative energy. (rN+++)
You are immune to unholy pain and torment.
You can survive without breathing.
You are in touch with the powers of death.


Message History

The vampire mage bites you but does no damage.
The centaur warrior shoots an arrow.
The arrow hits you!
* * * LOW HITPOINT WARNING * * *
The ironheart preserver becomes distracted by your gold, dreaming of imaginary riches.
You see here an arrow.
Unknown command.
Okay, then.
Evoke which item? (* to show all) (? for menu, Esc to quit)
Okay, then.
Put on which piece of jewellery? (? for menu, Esc to quit)
Okay, then.
Okay, then.
The ironheart preserver is no longer distracted by gold.
The centaur warrior shoots an arrow.
You reflect the arrow off an invisible shield around you!
The arrow hits the centaur warrior!
Unknown command.
The centaur warrior shoots an arrow.
The arrow hits you!
You die...
Your body crumbles into a pile of gold.

#.....D.$...# #....(.c....#
#cD(((......#
#######c##################### $
.............................
.........(..........p............
........o.....(V.................
.................................
.T..............@^.).............
..# #'#############)############.
..# .. #...........# #. ..#
#...........# #. ..# $
#..#######..# #. ..#
#..#.....#..# #. ..#
#..#....(#..# #. ..#
#..#.....#..# #. ..#
###..#.....().# #.


You could see an ironheart preserver, an ice dragon, a centaur warrior, a
vampire mage and a centaur.

Vanquished Creatures
  An ancient champion (Vaults:2)
  9 nagarajas
  A vault warden (Vaults:2)
  2 ironheart preservers (Vaults:2)
  A vampire knight (Vaults:2)
  2 stone giants (Vaults:2)
  A deep elf annihilator (Elf:1)
  An ettin (Orc:2)
  A merfolk impaler (Shoals:1)
  A deep elf high priest (Elf:1)
  A yaktaur captain (Vaults:2)
  3 fire dragons
  7 naga warriors
  3 hydras
  Harold (Lair:2)
  An ice dragon (D:15)
  A rakshasa (Vaults:2)
  A death knight (Vaults:2)
  2 merfolk aquamancers (Shoals:1)
  7 anacondas
  28 two-headed ogres
  6 centaur warriors
  8 ogre magi
  A vampire mage (Vaults:2)
  12 naga sharpshooters
  A tengu warrior (D:13)
  A deep troll earth mage (Vaults:2)
  Sonja (Lair:2)
  11 shock serpents
  2 orc high priests (Orc:1)
  Urug (Lair:5)
  5 deep elf knights
  A sun demon (Lair:6)
  5 skeletal warriors (Vaults:2)
  A fire crab (shapeshifter) (Vaults:2)
  6 salamander mystics
  2 sea snakes (Shoals:1)
  4 deep trolls (Vaults:2)
  5 naga ritualists
  2 unseen horrors
  2 deep elf archers (Elf:1)
  3 ironbrand convokers
  4 wizards
  A necromancer (IceCv)
  A wolf spider zombie (D:14)
  4 lindwurms (Snake:4)
  12 ugly things
  An orb spider (shapeshifter) (D:15)
  4 cyclopes
  8 orc knights
  11 salamanders
  26 deep elf magi (Elf:1)
  14 mana vipers
  A toenail golem (Volcano)
  10 elephants
  A manticore (Shoals:2)
  2 merfolk sirens
  7 guardian serpents (Snake:4)
  A molten gargoyle (Volcano)
  A guardian serpent (shapeshifter) (Vaults:2)
  An ice statue (IceCv)
  34 black mambas
  7 spiny frogs
  2 vault sentinels (Vaults:2)
  3 orange demons (Lair:6)
  2 centaur skeletons
  20 naga magi
  3 water nymphs (Shoals:1)
  5 yaktaurs
  14 rime drakes
  12 freezing wraiths
  5 komodo dragons
  3 efreet
  A hellwing (Lair:6)
  3 ice devils
  A red devil (Lair:6)
  A merfolk (shapeshifter) (Vaults:2)
  9 trolls
  2 polar bears
  8 merfolk
  3 meliai
  4 slime creatures
  Prince Ribbit (D:5)
  9 dream sheep
  A tyrant leech (shapeshifter) (D:13)
  A wind drake (Shoals:1)
  A snapping turtle (Shoals:1)
  13 blink frogs
  A meliai zombie (D:15)
  7 hippogriffs
  A redback (Elf:1)
  Eustachio (D:5)
  An air elemental (Elf:1)
  6 water elementals
  A vampire (D:14)
  A spriggan (D:11)
  16 humans (D:14)
  A wraith (Vaults:1)
  51 yaks
  7 wyverns
  4 fire elementals (Volcano)
  9 steam dragons
  A basilisk (Lair:2)
  A hungry ghost (D:14)
  6 vampire mosquitoes
  3 wargs
  A swamp worm (shapeshifter) (Vaults:2)
  48 nagas
  4 porcupines
  4 hell hounds (Lair:6)
  7 water moccasins
  9 ice beasts
  3 sky beasts
  29 orc warriors
  A black bear (D:6)
  A hornet zombie (D:14)
  A black bear (shapeshifter) (Vaults:1)
  2 alligator simulacra (IceCv)
  A phantom (D:10)
  28 ogres
  A wolf (D:7)
  13 centaurs
  A crocodile (shapeshifter) (Vaults:2)
  10 crocodiles
  A big kobold (D:12)
  2 earth elementals (Volcano)
  2 elf zombies (Ossuary)
  14 bullfrogs
  A scorpion (D:5)
  An elephant simulacrum (IceCv)
  6 howler monkeys
  7 wights (D:14)
  7 crimson imps
  5 draconian simulacra (IceCv)
  5 centaur zombies
  A bullfrog zombie (D:5)
  A quasit (D:9)
  10 hounds
  4 jellies
  Crazy Yiuf (D:5)
  A bullfrog skeleton (D:12)
  8 orc priests
  30 orc wizards
  A gnoll shaman (Orc:1)
  3 iguanas
  8 troll simulacra (IceCv)
  8 worker ants
  A polar bear simulacrum (IceCv)
  A big kobold zombie (Ossuary)
  A centaur simulacrum (IceCv)
  A hound zombie (D:10)
  2 hound skeletons (D:3)
  2 mummies (Ossuary)
  Robin (D:3)
  A howler monkey skeleton (D:6)
  7 gnolls
  2 ogre simulacra (IceCv)
  13 adders
  3 naga simulacra (IceCv)
  3 shadow imps
  12 white imps (IceCv)
  4 adder skeletons
  A worm (D:2)
  3 dart slugs
  7 leopard geckos
  91 orcs
  3 ball pythons
  7 giant cockroaches
  8 goblins
  7 hobgoblins
  13 jackals
  5 quokkas
  7 bats
  2 frilled lizards
  A giant cockroach zombie (D:3)
  4 goblin zombies
  7 hobgoblin zombies (Ossuary)
  2 jackal zombies
  9 kobolds
  11 kobold zombies (Ossuary)
  A leopard gecko skeleton (D:5)
  10 orc zombies (Ossuary)
  A quokka skeleton (D:4)
  2 quokka zombies
  5 rats
  3 fire vortices (Volcano)
1106 creatures vanquished.

Vanquished Creatures (collateral kills)
  Rupert (D:14)
  Roxanne (Snake:4)
  2 naga warriors (Snake:4)
  2 anacondas (Snake:4)
  A two-headed ogre (Orc:2)
  A shock serpent (Snake:4)
  A deep elf archer (Elf:1)
  2 naga ritualists (Snake:4)
  An orc knight (Orc:1)
  2 deep elf magi (Elf:1)
  A salamander (Snake:2)
  A black mamba (Snake:4)
  2 blink frogs (Lair:4)
  A yak (Lair:6)
  3 nagas (Snake:4)
  An ogre (Vaults:2)
  A worm (D:2)
  An orc (Orc:1)
  A ball python (D:2)
  A goblin (D:3)
  A jackal (D:2)
28 creatures vanquished.

Vanquished Creatures (others)
  6 dancing weapons
  An elephant (Lair:5)
  An orc warrior (Orc:1)
  An ogre (D:8)
  A centaur (Vaults:2)
  A worm (D:2)
  2 orcs
  2 fungi
  6 plants
21 creatures vanquished.

Grand Total: 1155 creatures vanquished

Notes
Turn   | Place    | Note
-------+----------+-------------------------------------------
     0 | D:1      | Inquire the Mummy Wanderer began the quest for the Orb.
     0 | D:1      | Inquire set off with the following items: a +0 falchion, a
                  | box of beasts, a scroll of teleportation, a +0 robe
     0 | D:1      | Reached XP level 1. HP: 18/18 MP: 2/2
   606 | D:1      | Reached XP level 2. HP: 24/24 MP: 3/3
  1169 | D:2      | Found a basalt altar of Yredelemnul.
  1174 | D:2      | Found a glowing golden altar of the Shining One.
  1371 | D:3      | Found a bloodstained altar of Trog.
  1372 | D:3      | Reached XP level 3. HP: 17/29 MP: 4/4
  2204 | D:2      | Reached XP level 4. HP: 34/37 MP: 5/5
  2210 | D:2      | Found an opulent altar of Gozag.
  2227 | D:2      | Became a worshipper of Gozag Ym Sagoz the Greedy
  3088 | D:3      | Noticed Robin
  3105 | D:3      | Killed Robin
  3105 | D:3      | Reached XP level 5. HP: 39/43 MP: 6/6
  3560 | D:3      | Noticed Purgy
  3587 | D:4      | Found a staircase to the Ecumenical Temple.
  3830 | D:4      | Reached skill level 5 in Fighting
  3830 | D:4      | Reached XP level 6. HP: 44/51 MP: 7/7
  4130 | D:5      | Entered Level 5 of the Dungeon
  4350 | D:5      | Noticed Eustachio
  4364 | D:5      | Killed Eustachio
  4364 | D:5      | Reached XP level 7. HP: 35/57 MP: 8/8
  4804 | D:5      | Found a runed translucent door.
  4805 | D:5      | Noticed Crazy Yiuf
  4932 | D:5      | Noticed Prince Ribbit
  4964 | D:5      | Killed Prince Ribbit
  5027 | D:5      | Reached skill level 5 in Armour
  5128 | D:5      | Reached XP level 8. HP: 57/65 MP: 10/10
  5167 | D:5      | Found a shimmering altar of Xom.
  5167 | D:5      | Found a stormy altar of Qazlal.
  5556 | D:5      | Killed Crazy Yiuf
  5665 | D:6      | Found a sacrificial altar of Ru.
  5861 | D:6      | Found a sand-covered staircase.
  5864 | D:6      | Bought a jewelled chain mail for 247 gold pieces
  5864 | D:6      | Bought a scroll labeled OSATSEFIHI for 26 gold pieces
  5864 | D:6      | Bought a scroll labeled LASCHO ROKOU for 26 gold pieces
  5864 | D:6      | Identified the cursed +0 chain mail "Tiarinu" {rC++ Stlth+}
                  | (You bought it in a shop on level 6 of the Dungeon)
  5899 | Ossuary  | Entered an ossuary
  6280 | D:6      | Noticed a hornet
  6281 | D:6      | Noticed waddelsworth's ghost (novice MiBe)
  6547 | D:6      | Found a transporter.
  6548 | D:6      | Found a transporter.
  6970 | D:7      | You fall into a shaft and drop 3 floors!
  6970 | D:10     | Entered Level 10 of the Dungeon
  7082 | D:10     | Noticed a troll
  7083 | D:10     | Killed a troll
  7083 | D:10     | Reached XP level 9. HP: 74/74 MP: 12/12
  8211 | D:9      | Found a staircase to the Orcish Mines.
  8556 | D:7      | Found a runed translucent door.
  8640 | D:7      | Reached XP level 10. HP: 83/83 MP: 13/13
  8819 | D:7      | Found a roughly hewn altar of Beogh.
  8946 | D:8      | Bought a scroll of teleportation for 42 gold pieces
  8946 | D:8      | Bought a scroll of teleportation for 42 gold pieces
  8960 | D:8      | Found a staircase to the Lair.
  8973 | D:8      | Reached skill level 5 in Maces & Flails
  9173 | D:8      | Found Dalysor's Distillery.
  9417 | D:8      | Found Oschyicia's Magic Scroll Emporium.
 10633 | Lair:1   | Entered Level 1 of the Lair of Beasts
 10646 | Lair:1   | Noticed a spiny frog
 10647 | Lair:1   | Noticed a spiny frog
 10907 | Lair:1   | Found a gate leading to a gauntlet.
 10917 | Gauntlet | Entered a Gauntlet
 10917 | Gauntlet | Found a runed translucent door.
 10917 | Gauntlet | Found a transporter.
 10917 | Gauntlet | Found a runed translucent door.
 10917 | Gauntlet | Found a transporter.
 10917 | Gauntlet | Found a transporter.
 11089 | Gauntlet | Found a transporter.
 11092 | Gauntlet | Found a transporter.
 11103 | Gauntlet | Found a transporter.
 11103 | Gauntlet | Found a transporter.
 11111 | Gauntlet | Found a transporter.
 11125 | Gauntlet | Noticed a death yak
 11125 | Gauntlet | Noticed a death yak
 11125 | Gauntlet | Noticed a death yak
 11126 | Gauntlet | Noticed a death yak
 11128 | Gauntlet | Noticed a necromancer
 11129 | Gauntlet | Found a transporter.
 11146 | Gauntlet | Found a transporter.
 11149 | Gauntlet | Found a transporter.
 11150 | Gauntlet | Noticed an eye of devastation
 11159 | Gauntlet | Found a transporter.
 11163 | Gauntlet | Noticed an ice statue
 11314 | Lair:1   | Noticed a spiny frog
 11352 | D:8      | a spiny frog changed into something unseen
 11991 | D:11     | Reached skill level 10 in Fighting
 12447 | D:12     | Reached XP level 11. HP: 59/91 MP: 14/14
 12693 | D:12     | Found a frozen archway.
 12727 | IceCv    | Entered an ice cave
 13651 | IceCv    | Found an ancient bone altar of Kikubaaqudgha.
 14927 | IceCv    | Noticed a necromancer
 14974 | IceCv    | Killed a necromancer
 15300 | D:12     | Noticed a two-headed ogre
 15306 | D:12     | Killed a two-headed ogre
 15618 | D:12     | Reached skill level 10 in Maces & Flails
 15703 | D:13     | Noticed a cyan ugly thing
 15839 | D:10     | Reached XP level 12. HP: 70/99 MP: 15/15
 16997 | Orc:1    | Entered Level 1 of the Orcish Mines
 17404 | Orc:1    | Noticed an orc high priest
 17412 | Orc:1    | Killed an orc high priest
 17643 | Orc:1    | Noticed an orc high priest
 17647 | Orc:1    | Killed an orc high priest
 19383 | Lair:2   | Found a dark tunnel.
 19413 | Volcano  | Entered a volcano
 20361 | Lair:2   | Found a transporter.
 20379 | Lair:2   | Found a transporter.
 20381 | Lair:2   | Noticed Trueduck's ghost (journeyman NaTm)
 20424 | Lair:2   | Gained mutation: You are in touch with the powers of death.
                  | [Mummy growth]
 20424 | Lair:2   | Reached XP level 13. HP: 93/105 MP: 16/16
 20552 | Lair:2   | Noticed Sonja
 20862 | Lair:3   | Reached skill level 1 in Staves
 21003 | Lair:3   | Bought the +12 lajatang of Dawn {pain, *Noise Str+5 Stlth+}
                  | for 1208 gold pieces
 21011 | Lair:3   | Learned a level 6 spell: Simulacrum
 21180 | Lair:3   | Reached skill level 1 in Necromancy
 21462 | Lair:4   | Reached skill level 2 in Necromancy
 21615 | Lair:4   | Found a runed translucent gate.
 21615 | Lair:4   | Found a runed translucent gate.
 21616 | Lair:4   | Found a runed translucent gate.
 21616 | Lair:4   | Noticed Raghazun's ghost (journeyman NaEn)
 21680 | Lair:4   | Found a staircase to the Shoals.
 21690 | Lair:4   | Reached skill level 3 in Necromancy
 22205 | Lair:5   | Noticed Urug
 22215 | Lair:5   | Reached skill level 4 in Necromancy
 22243 | Lair:5   | Killed Urug
 22972 | Lair:5   | Reached skill level 5 in Necromancy
 23066 | Lair:6   | Entered Level 6 of the Lair of Beasts
 23066 | Lair:6   | Found a viscous altar of Jiyva.
 23066 | Lair:6   | Found a staircase to the Slime Pits.
 23397 | Lair:6   | Reached skill level 5 in Staves
 23477 | Lair:6   | Reached skill level 6 in Necromancy
 23679 | Lair:6   | Reached XP level 14. HP: 69/113 MP: 17/17
 23917 | Lair:6   | Reached skill level 7 in Necromancy
 23970 | Lair:6   | Found a burning altar of Makhleb.
 24053 | Lair:6   | Found a gateway to Hell.
 24765 | Lair:2   | Your ally died
 25022 | Lair:2   | Found a staircase to the Snake Pit.
 25090 | Lair:2   | Noticed Harold
 25112 | Lair:2   | Killed Harold
 25132 | Lair:2   | Reached skill level 8 in Necromancy
 25397 | Lair:2   | Identified the +7 war axe "Xaif Puk" {flame, -Tele rPois
                  | Str-5 Int+6} (You found it on level 2 of the Lair of
                  | Beasts)
 25623 | D:8      | Bought a scroll of acquirement for 728 gold pieces
 25623 | D:8      | Bought a scroll of blinking for 105 gold pieces
 25623 | D:8      | Bought a scroll of teleportation for 42 gold pieces
 25623 | D:8      | Bought 2 scrolls of teleportation for 84 gold pieces
 25623 | D:8      | Bought a scroll of magic mapping for 49 gold pieces
 25623 | D:8      | Bought a scroll of magic mapping for 49 gold pieces
 25623 | D:8      | Bought a scroll of magic mapping for 49 gold pieces
 25623 | D:8      | Bought a scroll of fear for 49 gold pieces
 25786 | D:13     | Reached skill level 1 in Translocations
 26759 | D:14     | Found a gate to the Vaults.
 26759 | D:14     | Noticed Rupert
 26832 | D:14     | Reached skill level 9 in Necromancy
 27030 | D:14     | Reached skill level 5 in Translocations
 27168 | D:14     | Identified the +6 dagger of a Million Eyes {venom, *Contam
                  | Str+2 Stlth+} (You found it on level 14 of the Dungeon)
 27208 | D:14     | Killed Rupert
 27707 | D:14     | Reached XP level 15. HP: 118/118 MP: 18/18
 27945 | D:15     | Entered Level 15 of the Dungeon
 28048 | D:15     | Reached skill level 10 in Necromancy
 28162 | D:15     | Found Veasing's Jewellery Shop.
 28177 | D:15     | Bought an uncursed ring of resist corrosion for 320 gold
                  | pieces
 28177 | D:15     | Bought an uncursed ring of see invisible for 240 gold
                  | pieces
 28790 | D:15     | Found a staircase to the Depths.
 28863 | D:15     | Identified the +7 plate armour of Foyciph {rC++} (You found
                  | it on level 15 of the Dungeon)
 30028 | Orc:2    | Entered Level 2 of the Orcish Mines
 30432 | Orc:2    | Reached skill level 11 in Necromancy
 30988 | Orc:2    | Found Rutufoys's Retail Resort.
 31044 | Orc:2    | Found Dopuoz's Distillery.
 31044 | Orc:2    | Found Uziunuta's Weapon Emporium.
 31046 | Orc:2    | Found Karuf's Magic Scroll Emporium.
 31046 | Orc:2    | Found Natov's Book Boutique.
 31054 | Orc:2    | Bought 2 scrolls of torment for 210 gold pieces
 31054 | Orc:2    | Bought a scroll of enchant weapon for 105 gold pieces
 31054 | Orc:2    | Bought a scroll of enchant armour for 105 gold pieces
 31054 | Orc:2    | Bought a scroll of teleportation for 42 gold pieces
 31057 | Orc:2    | Bought a book of Battle for 560 gold pieces
 31061 | Orc:2    | Learned a level 3 spell: Spectral Weapon
 31063 | Orc:2    | Bought a Grand Grimoire for 1545 gold pieces
 31104 | Orc:2    | Found a staircase to the Elven Halls.
 31399 | Elf:1    | Entered Level 1 of the Elven Halls
 31525 | Snake:1  | Entered Level 1 of the Snake Pit
 32306 | Snake:1  | Learned a level 2 spell: Blink
 32308 | Snake:1  | Learned a level 1 spell: Apportation
 32326 | Snake:1  | Reached skill level 10 in Staves
 32605 | Snake:1  | Reached skill level 10 in Translocations
 33519 | Orc:2    | Bought a +4 amulet of reflection for 324 gold pieces
 33697 | Shoals:1 | Entered Level 1 of the Shoals
 33706 | Shoals:1 | Reached XP level 16. HP: 125/125 MP: 19/19
 34495 | Shoals:1 | Found Umanast's Armour Boutique.
 34887 | Lair:3   | Bought the +3 hat of Pondering {ponderous, MR+ MP+10 Int+5}
                  | for 419 gold pieces
 34887 | Lair:3   | Found the +3 hat of Pondering {ponderous, MR+ MP+10 Int+5}
 34887 | Lair:3   | Bought a scroll of blinking for 82 gold pieces
 36324 | Elf:1    | Reached skill level 1 in Dodging
 36690 | Elf:1    | Reached skill level 12 in Necromancy
 36895 | Elf:1    | Identified the Guide on Creative Battle Magic
 37838 | Elf:2    | Found Pokyecs's Magic Scroll Shop.
 37851 | Elf:2    | Bought a scroll of acquirement for 572 gold pieces
 37851 | Elf:2    | Bought a scroll of fear for 38 gold pieces
 37851 | Elf:2    | Bought a scroll of blinking for 82 gold pieces
 37951 | Elf:1    | Identified the Guide on Orientation (You acquired it on
                  | level 1 of the Elven Halls)
 38618 | Snake:2  | Found a runed translucent door.
 40134 | Snake:3  | Reached XP level 17. HP: 113/133 MP: 20/20
 40530 | Snake:4  | Entered Level 4 of the Snake Pit
 40571 | Snake:4  | Noticed Roxanne
 40591 | Snake:4  | Killed Roxanne
 40691 | Snake:4  | Reached skill level 5 in Dodging
 40705 | Snake:4  | Reached skill level 13 in Necromancy
 43926 | Snake:4  | Reached skill level 14 in Necromancy
 44750 | Snake:4  | Reached XP level 18. HP: 95/145 MP: 21/21
 44922 | Snake:4  | Got a serpentine rune of Zot
 45193 | Shoals:1 | Bought +0 fire dragon scales for 1200 gold pieces
 45460 | Vaults:1 | Entered Level 1 of the Vaults
 47690 | Vaults:2 | Reached skill level 15 in Necromancy
 47716 | Vaults:2 | HP: 4/147 [centaur warrior/arrow (10)]
 47718 | Vaults:2 | Shot with an arrow by a centaur warrior

Levels and vault maps discovered:
D:1:      dpeg_arrival_court, layout_loops_cross, moated_statue
D:2:      layout_basic, grunt_temple_overflow_holy_war, grunt_gozag_breadcrumbs
D:3:      layout_loops_ring, overflow_temple_1_default, serial_undead,
          serial_undead_f, serial_undead_a, serial_undead_f, serial_undead_a,
          kennysheep_generic_room_2, uniq_robin, uniq_purgy
D:4:      layout_cave_pools, minmay_temple_entry_statues_fountains
D:5:      layout_layer_cave, gammafunk_temple_overflow_elements, first_ration,
          uniq_crazy_yiuf_cottage, uniq_prince_ribbit1, uniq_eustachio
D:6:      layout_basic, enter_ossuary_4, gammafunk_ghost_hive,
          nicolae_ru_sacrificial_ziggurat
D:7:      layout_rooms, lightli_church_of_beogh
D:8:      layout_layer_cave, erik_lair_island, serial_shops, nicolae_shop_stone,
          nicolae_shop_behind_doors
D:9:      layout_loops_ring, orc_0_dummy, kennysheep_small_spiral, minivault_25
D:10:     layout_loops_cross, kennysheep_generic_room_10
D:11:     layout_basic, grunt_pizzeria
D:12:     layout_loops_corners, portal_ice_cave_demonic_guard
D:13:     layout_loops_cross, hangedman_abyss_or_decor_clamps
D:14:     layout_stronghold, david_vaults_3, chequers_garden
D:15:     grunt_enter_depths_hoard, layout_rooms, serial_shops, shop,
          serial_park_gazebo [serial_park_minivault_5x5_4]
Lair:1:   layout_gridlike, gauntlet_entry_generic
Lair:2:   layout_regular_city, minmay_snake_entry_guardpost_medium,
          nicolae_volcano_entry_hallway, gammafunk_ghost_berserking_beasts,
          bobbens_dragon_lair_wall, minmay_lair_oklob_chamber,
          serial_bayou_shore_a, uniq_sonja, uniq_harold
Lair:3:   layout_small_grid, lemuel_fruit_fields
Lair:4:   layout_loops_ring, minmay_shoals_entry_lonely_mermaid,
          gammafunk_ghost_hydra_chop, serial_bayou_shore_b, grunt_megastairs_2,
          serial_bayou_shore_b
Lair:5:   layout_regular_city, grunt_megastairs_3, uniq_urug
Lair:6:   evil_forest, layout_hall_layers, slime_altar_1
Shoals:1: layout_shoals, serial_shops, nicolae_shop_stone
Shoals:2: layout_shoals, st_sunken_huts, uniq_louise
Snake:1:  layout_misc_corridors, nicolae_snake_round_shape_thing
Snake:2:  cheibrodos_toxic_ritual, layout_rooms
Snake:3:  layout_honeycomb, drop_trap
Snake:4:  snake_pit_salamanders_mu, layout_cave_town, uniq_roxanne
Orc:1:    nicolae_orc_accident_1, layout_diamond_mine, special_room
          [special_room_orc], abandoned_shop
Orc:2:    st_orc_ogre_mass, layout_caves, nicolae_alphabet_shops
Elf:1:    eino_elf_arrival_customs, layout_loops_corners, minmay_elf_sorcery,
          minivault_27, minmay_the_grid_square_5x5_3x3_mashed
          [minmay_the_grid_square_5x5_two, minmay_the_grid_square_5x5_two_small,
          minmay_the_grid_square_5x5_meh,
          minmay_the_grid_square_5x5_three_walls,
          minmay_the_grid_square_5x5_megaprize_hollow,
          minmay_the_grid_square_5x5_sharp_hourglass,
          minmay_the_grid_square_5x5_dogpile,
          minmay_the_grid_square_5x5_trominoes,
          minmay_the_grid_square_5x5_eight_small]
Elf:2:    layout_loops_corners, serial_shops, shop_scrolls, uniq_donald,
          uniq_aizul
Vaults:1: nicolae_vaults_three_branches, vaults_room_fancy_cross,
          nicolae_vaults_stairing_the_circle, dpeg_vaults_monster_box,
          nicolae_vaults_network_s, st_diamondy, hangedman_vaults_stagger,
          serial_ice_g, vaults_standard_mumra_x, vaults_dpeg_ring,
          layout_vaults_chaotic_city
Vaults:2: v_misc_5, minmay_crypt_entry_simple_sparse, ontoclasm_vaults_hangar,
          nicolae_vaults_little_squares_3, hangedman_vaults_river_flow,
          nicolae_vaults_network_quinsquares
          [nicolae_vaults_network_quincunx_subvault,
          nicolae_vaults_network_quincunx_subvault,
          nicolae_vaults_network_quincunx_subvault,
          nicolae_vaults_network_quincunx_subvault], vaults_mumra_minichess,
          ontoclasm_vaults_bender, hangedman_vaults_hard_town_square,
          ontoclasm_vaults_eye, nicolae_vaults_little_squares_6,
          layout_vaults_ring, serial_shops,
          nicolae_shop_temple_entry_statues_fountains

Skill      XL: |  1  2  3  4  5  6  7  8  9 10 11 12 13 14 15 16 17 18 |
---------------+-------------------------------------------------------+-----
Armour         | 2 3 4 5 6 7 8 9 |  9.5
Evocations     | 2 3 4 |  4.3
Fighting       | 4 5 6 8 9 10 11 12 13 14 | 14.7
Maces & Flails | 4 7 10 13 | 13.2
Staves         | 5 8 10 11 | 11.8
Necromancy     | 6 9 11 12 14 15 | 15.0
Translocations | 6 10 | 10.2
Dodging        | 4 7 8 |  8.9
Unarmed Combat | |  1.5

Action                   |  1- 3 |  4- 6 |  7- 9 | 10-12 | 13-15 | 16-18 || total
-------------------------+-------+-------+-------+-------+-------+-------++-------
Melee: Falchion          |   130 |     5 |       |       |       |       ||   135
       Punch             |     3 |     1 |     1 |       |       |       ||     5
       Dagger            |       |   209 |   153 |       |       |       ||   362
       Great mace        |       |    20 |   260 |   786 |    65 |       ||  1131
       Quarterstaff      |       |    15 |       |       |       |       ||    15
       Lajatang          |       |       |       |       |   982 |  1030 ||  2012
Throw: Dart              |     2 |       |     3 |     4 |    20 |    15 ||    44
       Throwing net      |       |     1 |       |       |     2 |     7 ||    10
Invok: Call Merchant     |       |       |     1 |     1 |     1 |     1 ||     4
       Potion Petition   |       |       |       |     4 |     1 |     2 ||     7
Evoke: Box of beasts     |     1 |       |       |       |       |       ||     1
       Wand              |       |     1 |    31 |    42 |    20 |    43 ||   137
       Phial of floods   |       |       |       |     1 |     5 |     7 ||    13
       Lamp of fire      |       |       |       |       |     5 |     7 ||    12
       Phantom mirror    |       |       |       |       |       |     1 ||     1
  Use: Scroll            |     2 |     8 |     7 |    20 |    18 |    24 ||    79
 Stab: Held in net/web   |       |     2 |       |       |       |     1 ||     3
       Distracted        |       |       |       |     8 |     5 |     6 ||    19
       Betrayed ally     |       |       |       |       |     1 |       ||     1
       Paralysed         |       |       |       |       |     7 |       ||     7
Armor: Ring mail         |    59 |     7 |       |       |       |       ||    66
       Robe              |     1 |       |       |       |       |       ||     1
       Leather armour    |       |    71 |    33 |       |       |       ||   104
       Chain mail        |       |       |   263 |   562 |       |       ||   825
       Plate armour      |       |       |       |     2 |   529 |   445 ||   976
Dodge: Dodged            |    87 |   135 |   257 |   427 |   427 |   466 ||  1799
Block: Other             |       |       |       |       |     2 |   121 ||   123
       Reflection        |       |       |       |       |       |    21 ||    21
       Rpst.: Falchion   |    31 |     2 |       |       |       |       ||    33

Table legend:
 A = Non-vault XP
 B = Vault XP
 C = Vault XP percentage of total XP
 D = Non-vault monster count
 E = Vault monster count
 F = Vault count percentage of total count
                 A         B        C        D         E       F
            +---------+---------+-------+---------+---------+-------
      Total |  179938 |  160440 |  47.1 |     703 |     435 |  38.2
            +---------+---------+-------+---------+---------+-------
        D:1 |      15 |       0 |   0.0 |       8 |       0 |   0.0
        D:2 |      71 |       0 |   0.0 |      24 |       0 |   0.0
        D:3 |      98 |      84 |  46.2 |      22 |      17 |  43.6
        D:4 |     186 |       0 |   0.0 |      21 |       0 |   0.0
        D:5 |     530 |     541 |  50.5 |      15 |       3 |  16.7
        D:6 |     387 |       2 |   0.5 |      12 |       2 |  14.3
        D:7 |     321 |     469 |  59.4 |       8 |      25 |  75.8
        D:8 |    3625 |     467 |  11.4 |      14 |       7 |  33.3
        D:9 |    2276 |     621 |  21.4 |      29 |       1 |   3.3
       D:10 |    1952 |       0 |   0.0 |      19 |       0 |   0.0
       D:11 |    2430 |     205 |   7.8 |      20 |       1 |   4.8
       D:12 |    4939 |     681 |  12.1 |      32 |       2 |   5.9
       D:13 |    8544 |       0 |   0.0 |      32 |       0 |   0.0
       D:14 |   11150 |    8792 |  44.1 |      39 |      23 |  37.1
       D:15 |    9343 |    1981 |  17.5 |      23 |       2 |   8.0
     Lair:1 |    3304 |       0 |   0.0 |      15 |       0 |   0.0
     Lair:2 |     704 |    8574 |  92.4 |       3 |      31 |  91.2
     Lair:3 |    4998 |       0 |   0.0 |      19 |       0 |   0.0
     Lair:4 |    2665 |    3614 |  57.6 |      13 |      10 |  43.5
     Lair:5 |    4014 |    1148 |  22.2 |      13 |       2 |  13.3
     Lair:6 |    3370 |    9833 |  74.5 |      15 |      26 |  63.4
   Shoals:1 |   10153 |       0 |   0.0 |      24 |       0 |   0.0
   Shoals:2 |     487 |     305 |  38.5 |       1 |       1 |  50.0
    Snake:1 |    9405 |       0 |   0.0 |      24 |       0 |   0.0
    Snake:2 |   12451 |       0 |   0.0 |      22 |       0 |   0.0
    Snake:3 |   16377 |     452 |   2.7 |      40 |       1 |   2.4
    Snake:4 |   21520 |   51564 |  70.6 |      40 |      72 |  64.3
      Orc:1 |    4992 |    4879 |  49.4 |      68 |      19 |  21.8
      Orc:2 |    2640 |   16706 |  86.4 |      30 |      34 |  53.1
      Elf:1 |   11488 |   16902 |  59.5 |      16 |      29 |  64.4
      Elf:2 |     893 |       0 |   0.0 |       1 |       0 |   0.0
   Vaults:1 |    4824 |    7342 |  60.3 |      12 |       8 |  40.0
   Vaults:2 |   19786 |   15977 |  44.7 |      29 |      17 |  37.0
    Ossuary |       0 |     368 | 100.0 |       0 |      39 | 100.0
      IceCv |       0 |    6368 | 100.0 |       0 |      53 | 100.0
    Volcano |       0 |    2565 | 100.0 |       0 |      10 | 100.0
            +---------+---------+-------+---------+---------+-------
